 Dungeon Sprint DCSS version 0.29.1-12-g30fa7ad0bf (webtiles) character file.

Game seed: 905332277136775654

419 boopmooplesden the Cruncher (level 6, 0/58 HPs)
             Began as a Minotaur Gladiator on Dec 16, 2022.
             Was an Initiate of Trog.
             Slain by a vampire (9 damage)
             ... in the Dungeon (Sprint IX: "|||||||||||||||||||||||||||||").
             The game lasted 00:01:08 (253 turns).

boopmooplesden the Cruncher (Minotaur Gladiator)     Turns: 253, Time: 00:01:09

Health: 0/58       AC: 12    Str: 21    XL:     6   Next: 62%
Magic:  5/5        EV: 13    Int:  8    God:    Trog [......]
Gold:   0          SH:  0    Dex: 11    Spells: 5/5 levels left

rFire   . . .      SeeInvis .   m - +4 quarterstaff (speed)
rCold   . . .      Faith    .   (shield currently unavailable)
rNeg    . . .      Spirit   .   p - +1 scale mail
rPois   .          Reflect  .   c - +0 hat
rElec   .          Harm     .   (no cloak)
rCorr   .          Rampage  .   o - +0 pair of gloves
Will    .....      NoTele   +   n - +0 pair of boots
Stlth   ..........              (no amulet)
HPRegen 0.19/turn               r - +3 ring of intelligence
MPRegen 0.09/turn               q - +2 ring of protection

@: confused, hasted, very quick
A: horns 2, retaliatory headbutt
a: Renounce Religion


You were in the Dungeon.
You worshipped Trog.
Trog was noncommittal.
You visited 1 branch

Inventory:

Hand Weapons
 a - a +0 quarterstaff
 m - a +4 quarterstaff of speed (weapon)
Missiles
 d - 3 throwing nets (quivered)
 e - a javelin
Armour
 b - a +0 leather armour
 c - a +0 hat (worn)
 n - a +0 pair of boots (worn)
 o - a +0 pair of gloves (worn)
 p - a +1 scale mail (worn)
Jewellery
 q - a +2 ring of protection (right hand)
 r - a +3 ring of intelligence (left hand)
Wands
 l - a wand of iceblast (10)
Scrolls
 k - 2 scrolls of blinking
Potions
 f - 5 potions of curing
 g - a potion of invisibility
 i - 4 potions of magic
 j - 2 potions of heal wounds


   Skills:
 + Level 6.4 Fighting
 + Level 11.2 Staves
 + Level 4.4 Throwing
 + Level 3.9 Armour
 + Level 9.9 Dodging


You had 5 spell levels left.
You didn't know any spells.
Your spell library was empty.

Dungeon Overview and Level Annotations

Branches:
Dungeon (1/1)

Altars:
Cheibriados
Dithmenos
Elyvilon
Fedhas
Gozag
Hepliaklqana
Kikubaaqudgha
Makhleb
Nemelex Xobeh
Okawaru
Qazlal
Ru
Sif Muna
Trog
Uskayaw
Vehumet
Wu Jian
Xom
Yredelemnul
Zin
The Shining One
Jiyva
Lugonu


Innate Abilities, Weirdness & Mutations

You have a pair of horns on your head.
You reflexively headbutt those who attack you in melee.


Message History

Something bites you but does no damage.
You hit something. You closely miss something. You miss something.
You hear some strange, mumbled words.
You are confused.
You bump into the unnaturally hard rock wall.
You bump into the unnaturally hard rock wall.
Something hits you. Something completely misses you.
You bump into the unnaturally hard rock wall.
You miss something. Your headbutt misses something.
Something hits you but does no damage. Something bites you.
Something draws strength from your injuries!
You sock something!
You bump into the unnaturally hard rock wall.
Something hits you. Something bites you but does no damage.
You bump into the unnaturally hard rock wall.
There is an open door to the Dungeon here.
You bump into the unnaturally hard rock wall.
You bump into the unnaturally hard rock wall.
You hear some strange, mumbled words.
You are more confused.
You miss something. You closely miss something.
Something hits you but does no damage. Something bites you.
* * * LOW HITPOINT WARNING * * *
Something draws strength from your injuries!
You're too confused to move!
You bump into the unnaturally hard rock wall.
Something hits you!
* * * LOW HITPOINT WARNING * * *
Something bites you but does no damage.
You closely miss something. You closely miss something.
Your headbutt misses something. Something hits you but does no damage.
Something bites you but does no damage.
You bump into the unnaturally hard rock wall.
You hit something. Something hits you.
* * * LOW HITPOINT WARNING * * *
Something bites you!
You die...

▓.▓
▓?▓
▓)▓
▓.▓
▓.▓
▓.▓
▓.▓
▓.▓
▓@▓
▓'▓
▓y▓
▓o▓
▓T▓
▓l▓
▓.▓
▓.▓
▓+▓


You could see a troll, a wyvern, a killer bee and an orc wizard.

Vanquished Creatures
  A troll (D)
  An ogre (D)
  A gnoll sergeant (D)
  A scorpion (D)
  A gnoll (D)
  A dart slug (D)
  An orc (D)
  A ball python (D)
  A giant cockroach (D)
  A hobgoblin (D)
  A frilled lizard (D)
11 creatures vanquished.

Notes
Turn   | Place    | Note
-------+----------+-------------------------------------------
     0 | D        | boopmooplesden the Minotaur Gladiator began the quest for
                  | the Orb.
     0 | D        | Reached XP level 1. HP: 18/18 MP: 0/0
     6 | D        | Reached skill level 4 in Staves
    17 | D        | Noticed an ogre
    17 | D        | Noticed a gnoll sergeant
    17 | D        | Noticed a scorpion
    19 | D        | Killed an ogre
    20 | D        | Reached skill level 7 in Staves
    20 | D        | Reached XP level 2. HP: 27/27 MP: 1/1
    20 | D        | Reached XP level 3. HP: 33/33 MP: 2/2
    20 | D        | Reached XP level 4. HP: 40/40 MP: 3/3
    22 | D        | Killed a gnoll sergeant
    23 | D        | Reached skill level 8 in Staves
    23 | D        | Reached XP level 5. HP: 47/47 MP: 4/4
    31 | D        | Reached skill level 5 in Fighting
    31 | D        | Reached skill level 9 in Staves
    31 | D        | Reached skill level 1 in Armour
    52 | D        | Found a snail-covered altar of Cheibriados.
    52 | D        | Found a shadowy altar of Dithmenos.
    52 | D        | Found a white marble altar of Elyvilon.
    52 | D        | Found a blossoming altar of Fedhas.
    52 | D        | Found an opulent altar of Gozag.
    53 | D        | Found a hazy altar of Hepliaklqana.
    54 | D        | Found a viscous altar of Jiyva.
    55 | D        | Found an ancient bone altar of Kikubaaqudgha.
    56 | D        | Found a corrupted altar of Lugonu.
    57 | D        | Found a burning altar of Makhleb.
    58 | D        | Found a sparkling altar of Nemelex Xobeh.
    59 | D        | Found an iron altar of Okawaru.
    60 | D        | Found a stormy altar of Qazlal.
    61 | D        | Found a sacrificial altar of Ru.
    62 | D        | Found a shimmering blue altar of Sif Muna.
    63 | D        | Found a bloodstained altar of Trog.
    64 | D        | Found a hide-covered altar of Uskayaw.
    65 | D        | Found a radiant altar of Vehumet.
    66 | D        | Found an ornate altar of the Wu Jian Council.
    67 | D        | Found a shimmering altar of Xom.
    68 | D        | Found a basalt altar of Yredelemnul.
    69 | D        | Found a glowing silver altar of Zin.
    70 | D        | Found a glowing golden altar of the Shining One.
    71 | D        | Became a worshipper of Trog the Wrathful
   217 | D        | Noticed a troll
   217 | D        | Noticed a vampire
   217 | D        | Noticed a troll
   217 | D        | Noticed a wyvern
   228 | D        | Killed a troll
   229 | D        | Reached skill level 11 in Staves
   229 | D        | Reached XP level 6. HP: 35/58 MP: 5/5
   253 | D        | Slain by a vampire

Illustrated notes

Levels and vault maps discovered:
D:        linesprint [early_d, line_temple, items_1, d_10, items_2, lair_1,
          lair_end, items_3, orc_1, orc_end, items_4, d_15, swamp_1, shoals_1,
          snake_1, spider_1, d_20, vaults_1, items_5, swamp_end, shoals_end,
          snake_end, spider_end, vaults_end, d_27, items_6, zot_1, zot_end,
          crypt_end, forest_end, elf_end, slime_end, tomb_end, abyss_end,
          pan_hell_end]

Skill      XL: |  1  2  3  4  5 |
---------------+----------------+-----
Staves         | 7 8 11 | 11.2
Dodging        | 6 7 9 |  9.9
Fighting       | 4 6 |  6.4
Throwing       | 3 4 |  4.4
Armour         | 3 |  3.9

Action                   |  1- 3 |  4- 6 || total
-------------------------+-------+-------++-------
Melee: Quarterstaff      |     8 |    37 ||    45
       Headbutt          |     1 |     4 ||     5
  Use: Potion            |     1 |     2 ||     3
Armor: Leather armour    |     1 |     2 ||     3
       Scale mail        |       |    12 ||    12
Dodge: Dodged            |     5 |    21 ||    26
